 Dungeon Crawl Stone Soup version 0.26-a0-244-g083ca260ac (webtiles) character file.

Game seed: 7138817614240992109

109 DDDD the Conjurer (level 4, -1/24 HPs)
             Began as a Deep Elf Conjurer on July 8, 2020.
             Slain by a goblin (4 damage)
             ... led by Robin
             ... on level 3 of the Dungeon.
             The game lasted 00:08:01 (2612 turns).

DDDD the Conjurer (Deep Elf Conjurer)               Turns: 2612, Time: 00:08:02

Health: -1/24      AC:  2    Str:  4    XL:     4   Next: 60%
Magic:  7/12       EV: 13    Int: 24    God:
Gold:   41         SH:  0    Dex: 13    Spells: 8/11 levels left

rFire    . . .     SeeInvis .   q - +2 hunting sling (flame)
rCold    . . .     Faith    +   (no shield)
rNeg     . . .     Spirit   .   a - +0 robe
rPois    .         Reflect  .   (no helmet)
rElec    .         Harm     .   (no cloak)
rCorr    .                      (no gloves)
MR       .....                  (no boots)
Stlth    ++........             g - amulet of faith
HPRegen  0.08/turn              (no ring)
MPRegen  0.13/turn              (no ring)

@: no status effects
A: no striking features
a: no special abilities


You were on level 3 of the Dungeon.
You were not hungry.

You visited 1 branch of the dungeon, and saw 3 of its levels.

You collected 41 gold pieces.

Inventory:

Hand Weapons
 d - a +0 spear
 q - a +2 hunting sling of flaming (weapon)
Missiles
 r - 18 stones (quivered)
Armour
 a - a +0 robe (worn)
Jewellery
 g - an amulet of faith (around neck)
 n - a cursed ring of attention {unknown}
Scrolls
 b - a scroll of random uselessness {unknown}
 e - a scroll of teleportation {unknown}
 f - a scroll of immolation {unknown}
 h - a scroll of magic mapping {unknown}
 k - 2 scrolls of blinking {unknown}
 o - a scroll of fear {unknown}
Potions
 i - a potion of curing {unknown}
 j - a potion of berserk rage {unknown}
 l - a potion of haste {unknown}
 m - a potion of heal wounds {unknown}
 p - a potion of lignification {unknown}
Comestibles
 c - 2 rations


   Skills:
 + Level 1.0 Polearms
 + Level 2.6 Dodging
 + Level 2.8 Stealth
 + Level 4.2 Spellcasting
 + Level 5.6 Conjurations


You had 8 spell levels left.
You knew the following spells:

 Your Spells              Type           Power        Failure   Level
a - Magic Dart            Conj           ####         1%          1
b - Searing Ray           Conj           ####..       1%          2

Your spell library contained the following spells:

 Spells                   Type           Power        Failure   Level
 Dazzling Flash           Conj/Hex       ###...       9%          3
 Fulminant Prism          Conj/Hex       ###.......   30%         4
 Iskenderun's Mystic Bla  Conj/Tloc      ###.....     30%         4


Dungeon Overview and Level Annotations

Branches:
Dungeon (3/15)

Altars:
Uskayaw

Annotations:
D:3 Terence


Message History

The orc shouts!
You hear a shout!
The orc throws a stone.
The stone misses you.
You see here a stone.
Casting: Searing Ray (safe; 1% risk of failure)
Confirm with . or Enter, or press ? or * to list all spells.
Aiming: Searing Ray (safe; 1% risk of failure)
Press: ? - help, Shift-Dir - straight line, f - hobgoblin
Aim: a hobgoblin, wielding a +0 club (wandering, hasn't noticed you)
The searing ray hits the hobgoblin!
You kill the hobgoblin! (Press . to maintain the ray.)
A goblin comes into view.
The goblin shouts!
The goblin wields a +0 hunting sling.
The goblin shoots a stone.
The stone hits you.
* * * LOW HITPOINT WARNING * * *
Things that are here:
a stone; a +0 club The goblin unwields a +0 hunting sling.
The goblin hits you.
You die...

#......†.#.......
#........#....(..
#........#....)..
#..)g†####.......
#(#)#.# ###.##.
#g#.#.# ..
###########g#g#.#
#........##(#)#g#
#.######..@.#@#.#.
##.g##g#g@.
####g......)
#........##.
#.##.##..# #..#.#
..# ##...##..##
#..<....<#
#.###.....#


You could see a hobgoblin and 3 goblins.

Vanquished Creatures
  Robin (D:3)
  3 adders (D:2)
  2 oozes (D:2)
  2 worms (D:2)
  2 dart slugs
  4 leopard geckos
  2 orcs (D:3)
  A ball python (D:2)
  2 giant cockroaches (D:3)
  6 hobgoblins
  4 jackals (D:1)
  6 bats
  A frilled lizard (D:1)
  7 goblins
  2 kobolds (D:1)
45 creatures vanquished.

Notes
Turn   | Place    | Note
-------+----------+-------------------------------------------
     0 | D:1      | DDDD the Deep Elf Conjurer began the quest for the Orb.
     0 | D:1      | Reached XP level 1. HP: 10/10 MP: 6/6
   431 | D:1      | Reached XP level 2. HP: 14/15 MP: 4/8
   501 | D:1      | Learned a level 2 spell: Searing Ray
  1008 | D:2      | Reached skill level 5 in Conjurations
  1182 | D:2      | Reached XP level 3. HP: 19/19 MP: 3/9
  1653 | D:2      | Reached XP level 4. HP: 24/24 MP: 8/12
  2055 | D:2      | Noticed a +0 hand axe
  2055 | D:2      | Noticed a +0 dagger
  2057 | D:2      | Found a hide-covered altar of Uskayaw.
  2597 | D:3      | Noticed Robin
  2600 | D:3      | Noticed Terence
  2604 | D:3      | Killed Robin
  2604 | D:3      | Reached skill level 1 in Polearms
  2612 | D:3      | Slain by a goblin

Illustrated notes

Levels and vault maps discovered:
D:1:      saegor_arrival_under_anarchy, layout_loops_ring,
          hangedman_decor_points
D:2:      layout_basic, dancing_weapons_uskayaw, serial_forest,
          infiniplex_forest_clump_medium, infiniplex_forest_end_1,
          infiniplex_forest_lined_3, infiniplex_forest_end_1,
          infiniplex_forest_lined_corner, infiniplex_forest_clump_long,
          infiniplex_forest_lined_2, infiniplex_forest_lined_room_3
D:3:      layout_rooms, uniq_terence, uniq_robin

Skill      XL: |  1  2  3  4 |
---------------+-------------+-----
Conjurations   | 5 |  5.6
Spellcasting   | 4 |  4.2
Polearms       | 1 |  1.0
Dodging        | |  2.6
Stealth        | |  2.8

Action                   |  1- 3 |  4- 6 || total
-------------------------+-------+-------++-------
Melee: Spear             |    21 |       ||    21
 Cast: Magic Dart        |    55 |    29 ||    84
       Searing Ray       |     3 |     5 ||     8
  Eat: Ration            |     1 |     1 ||     2
Armor: Robe              |     4 |     1 ||     5
Dodge: Dodged            |    22 |     5 ||    27

Table legend:
 A = Non-vault XP
 B = Vault XP
 C = Vault XP percentage of total XP
 D = Non-vault monster count
 E = Vault monster count
 F = Vault count percentage of total count
                 A         B        C        D         E       F
            +---------+---------+-------+---------+---------+-------
      Total |     136 |      21 |  13.4 |      41 |       4 |   8.9
            +---------+---------+-------+---------+---------+-------
        D:1 |      17 |       0 |   0.0 |       9 |       0 |   0.0
        D:2 |     100 |       0 |   0.0 |      24 |       0 |   0.0
        D:3 |      19 |      21 |  52.5 |       8 |       4 |  33.3
            +---------+---------+-------+---------+---------+-------
